 Dungeon Crawl Stone Soup version 0.20-a0-636-g32200f4 (webtiles) character file.

108 AlphabetPasta the Gusty (level 4, -1/33 HPs)
             Began as a Hill Orc Air Elementalist on Feb 11, 2017.
             Slain by an orc priest
             ... wielding a +0 war axe
              (10 damage)
             ... on level 3 of the Dungeon.
             The game lasted 00:13:17 (3228 turns).

AlphabetPasta the Gusty (Hill Orc Air Elementalist) Turns: 3228, Time: 00:13:18

Health: -1/33      AC:  4    Str: 10    XL:     4   Next: 87%
Magic:  1/7        EV: 12    Int: 16    God:
Gold:   76         SH:  0    Dex: 11    Spells: 1/7 levels left

rFire    . . .     SeeInvis .   d - +0 hand axe
rCold    . . .     Gourm    .   a - +0 robe
rNeg     . . .     Faith    .   (no shield)
rPois    .         Spirit   .   l - +0 helmet
rElec    .         Reflect  .   (no cloak)
rCorr    .         Harm     .   (no gloves)
MR       .....                  f - +0 pair of boots
Stlth    ++........             (no amulet)
Regen    0.2/turn               (no ring)
                                (no ring)

@: very slightly contaminated
A: no striking features
a: Convert to Beogh


You were on level 3 of the Dungeon.
You were hungry.

You visited 1 branch of the dungeon, and saw 3 of its levels.

You collected 76 gold pieces.

Inventory:

Hand Weapons
 d - a +0 hand axe (weapon)
 e - a +0 club
Armour
 a - a +0 robe (worn)
 f - a +0 pair of boots (worn)
 l - a +0 helmet (worn)
Scrolls
 h - a scroll of amnesia
 j - a scroll of fog
 k - a scroll of recharging
 q - a scroll of teleportation {unknown}
Potions
 i - 3 potions of mutation
 m - a potion of agility
 r - a potion of lignification {unknown}
Books
 b - a book of Air

   Spells                             Type                      Level
   a - Shock                          Conjuration/Air              1
   b - Swiftness                      Charms/Air                   2
   c - Static Discharge               Conjuration/Air              3
   d - Airstrike                      Air                          4
   e - Lightning Bolt                 Conjuration/Air              5
Comestibles
 c - 3 bread rations
 g - 5 fruits
 n - a chunk of flesh
 o - a royal jelly


   Skills:
 + Level 0.2 Fighting
 - Level 2.1 Axes
 - Level 1.5 Dodging
 - Level 1.5 Stealth
 + Level 2.1 Spellcasting
 * Level 2.5 Conjurations
 * Level 3.1 Air Magic


You had one spell level left.
You knew the following spells:

 Your Spells              Type           Power        Failure   Level  Hunger
a - Shock                 Conj/Air       ##..         10%         1    #......
b - Swiftness             Chrm/Air       #.......     17%         2    ###....
c - Static Discharge      Conj/Air       ##......     21%         3    ###....


Dungeon Overview and Level Annotations

Branches:
Dungeon (3/15)

Altars:
Ashenzari
Hepliaklqana
Makhleb
Nemelex Xobeh
Okawaru
Ru
Xom
Yredelemnul
Zin
The Shining One


Message History

Casting: Static Discharge
Confirm with . or Enter, or press ? or * to list all spells.
You miscast Static Discharge.
You are very lightly contaminated with residual magic.
Your hair stands on end.
The orc priest closely misses you.
Casting: Static Discharge
Confirm with . or Enter, or press ? or * to list all spells.
Aiming: Shock
Press: ? - help, Shift-Dir - straight line, f/p - orc priest
Aim: an orc priest, wielding a war axe and wearing a chain mail (almost dead)
The zap hits the orc priest.
The orc priest is almost dead.
The orc priest threatens, "By the altar or by the axe, you will meet Beogh!"
The orc priest calls down the wrath of Beogh upon you.
Pain shoots through your body!
* * * LOW HITPOINT WARNING * * *
You hit the orc priest but do no damage.
The orc priest is almost dead.
The orc priest hits you with a war axe!
You die...

#+#
#.###.###.#
#.........#
#####.#####
##.#.#
####....#
+.......#
####....#
##.#.#####
#...@....#
#.##o###.#
#. #.# #.
#$. #. ##.#
)# )# .. .#


You could see an orc priest.

Vanquished Creatures
  5 adders
  An ooze (D:1)
  3 leopard geckos
  2 orcs (D:3)
  A ball python (D:2)
  2 giant cockroaches (D:2)
  4 goblins
  8 hobgoblins
  2 jackals (D:2)
  6 bats
  2 frilled lizards
  12 kobolds
  7 rats
55 creatures vanquished.

Vanquished Creatures (others)
  A bush (D:1)
  A plant (D:1)
2 creatures vanquished.

Grand Total: 57 creatures vanquished

Notes
Turn   | Place    | Note
-------+----------+-------------------------------------------
     0 | D:1      | AlphabetPasta the Hill Orc Air Elementalist began the quest for the Orb.
     0 | D:1      | Reached XP level 1. HP: 14/14 MP: 3/3
   229 | D:1      | Reached XP level 2. HP: 13/20 MP: 0/4
   236 | D:1      | HP: 1/20 [kobold/short sword (4)]
   244 | D:1      | Learned a level 2 spell: Swiftness
  1085 | D:1      | Reached XP level 3. HP: 26/26 MP: 2/5
  1545 | D:2      | Found an iron altar of Okawaru.
  1547 | D:2      | Found a sparkling altar of Nemelex Xobeh.
  1547 | D:2      | Found a sacrificial altar of Ru.
  1548 | D:2      | Found a burning altar of Makhleb.
  1585 | D:2      | Learned a level 2 spell: Swiftness
  1738 | D:2      | Found a hazy altar of Hepliaklqana.
  1813 | D:2      | Reached skill level 1 in Axes
  1890 | D:2      | Found a glowing silver altar of Zin.
  1890 | D:2      | Found a shimmering altar of Xom.
  1890 | D:2      | Noticed an angel
  2011 | D:2      | Reached XP level 4. HP: 33/33 MP: 2/6
  2385 | D:2      | Reached skill level 3 in Air Magic
  2393 | D:2      | Learned a level 3 spell: Static Discharge
  2521 | D:3      | Found a basalt altar of Yredelemnul.
  2708 | D:3      | Found a glowing golden altar of the Shining One.
  2825 | D:3      | Found a shattered altar of Ashenzari.
  3228 | D:3      | Slain by an orc priest

Vault maps used:
D:1:      ncdulo_halloftheorcs, lexackson_kobold_supper
D:2:      grunt_temple_overflow_order_and_chaos_1, marbit_many_paths,
          grunt_temple_overflow_open
D:3:      grunt_temple_overflow_holy_war, nicolae_overflow_crystal_walls,
          first_bread

Skill      XL: |  1  2  3  4 |
---------------+-------------+-----
Conjurations   | 2 |  2.5
Axes           | 1 2 |  2.1
Spellcasting   | 2 |  2.1
Air Magic      | 3 |  3.1
Fighting       | |  0.2
Dodging        | |  1.5
Stealth        | |  1.5

Action                   |  1- 3 |  4- 6 || total
-------------------------+-------+-------++-------
Melee: Club              |    15 |       ||    15
       Hand axe          |    62 |    14 ||    76
 Cast: Shock             |    55 |    47 ||   102
       Static Discharge  |       |     1 ||     1
  Use: Scroll            |     5 |     1 ||     6
       Potion            |       |     1 ||     1
  Eat: Fruit             |     1 |       ||     1
       Chunk             |     4 |     4 ||     8
Armor: Robe              |     6 |     4 ||    10
Dodge: Dodged            |    17 |    15 ||    32
